 Dungeon Crawl Stone Soup version 0.28.0-1-gb440e238dd (webtiles) character file.

Game seed: 5899757435873561052

542 hikkokomori the Digger (level 7, -1/36 HPs)
             Began as a Gargoyle Earth Elementalist on Feb 20, 2022.
             Slain by an ogre (24 damage)
             ... on level 4 of the Dungeon.
             The game lasted 00:08:01 (4429 turns).

hikkokomori the Digger (GrEE)                       Turns: 4429, Time: 00:08:03

Health: -1/36      AC:  6    Str: 12    XL:     7   Next: 27%
Magic:  8/14       EV: 11    Int: 17    God:
Gold:   251        SH:  0    Dex: 10    Spells: 5/15 levels left

rFire   . . .      SeeInvis .   h - +0 mace (protect)
rCold   . . .      Faith    .   (no shield)
rNeg    + . .      Spirit   .   b - +0 robe
rPois   ∞          Reflect  .   (no helmet)
rElec   +          Harm     .   (no cloak)
rCorr   .          Rampage  .   (no gloves)
Will    .....                   (no boots)
Stlth   ++........              (no amulet)
HPRegen 0.12/turn               (no ring)
MPRegen 0.14/turn               (no ring)

@: no status effects
A: sickness immunity, AC +4, negative energy resistance 1, electricity
resistance, torment resistance 1, petrification resistance
a: no special abilities


You were on level 4 of the Dungeon.
You visited 1 branch of the dungeon, and saw 4 of its levels.

You collected 251 gold pieces.

Inventory:

Hand Weapons
 d - a +0 club
 e - a +0 whip
 h - a +0 mace of protection (weapon)
Missiles
 a - a throwing net
 c - 109 stones
Armour
 b - a +0 robe (worn)
 s - a +0 tower shield
Jewellery
 g - a ring of protection from fire
 o - a +6 ring of intelligence
Wands
 m - a wand of flame (12)
 n - a wand of digging (4)
Scrolls
 f - a scroll of acquirement {unknown}
 j - a scroll of identify {unknown}
 k - a scroll of fog {unknown}
 q - a scroll of brand weapon {unknown}
Potions
 i - 2 potions of degeneration {unknown}
 l - a potion of heal wounds {unknown}
 p - a potion of ambrosia {unknown}
 r - a potion of brilliance {unknown}


   Skills:
 - Level 1.5 Dodging
 - Level 2.1 Stealth
 + Level 4.7 Spellcasting
 - Level 0.7 Transmutations
 + Level 6.8 Earth Magic
 + Level 3.0 Poison Magic


You had 5 spell levels left.
You knew the following spells:

 Your Spells              Type           Power      Damage    Failure   Level
a - Sandblast             Erth           54%        2d13      1%          1
b - Passwall              Tmut/Erth      13%        N/A       4%          2
c - Olgreb's Toxic Radia  Pois           14%        N/A       38%         4
d - Stone Arrow           Conj/Erth      30%        3d8       11%         3

Your spell library contained the following spells:

 Spells                   Type           Power      Damage    Failure   Level
 Sting                    Tmut/Pois      40%        1d5       7%          1
 Beastly Appendage        Tmut           12%        N/A       11%         1
 Poisonous Vapours        Pois/Air       18%        N/A       12%         2
 Petrify                  Tmut/Erth      16%        N/A       30%         4


Dungeon Overview and Level Annotations

Branches:
Dungeon (4/15)
 Temple: D:4-7

Altars:

Annotations:
D:4 spaghetti's ghost, weakling DsDe


Innate Abilities, Weirdness & Mutations

You are immune to sickness and miasma.
Your stone body is resilient. (AC +4)
You are immune to poison.
You resist negative energy. (rN+)
You are resistant to electric shocks. (rElec)
You are resistant to unholy torment.
You are immune to petrification.


Message History

The blast of sand hits the wight!
The wight is almost destroyed.
The wight closely misses you.
Unknown command.
Casting: Sandblast (safe; 1% risk of failure)
Confirm with . or Enter, or press ? or * to list all spells.
Aiming: Sandblast (safe; 1% risk of failure)
Press: ? - help, Shift-Dir - straight line, f/p - wight
Aim: a wight, wielding a +2 scimitar and wearing a +0 robe (almost destroyed, 81% to hit)
The blast of sand hits the wight.
You destroy the wight!
Your Poison Magic skill increases to level 3!
Casting: Sandblast (safe; 1% risk of failure)
Confirm with . or Enter, or press ? or * to list all spells.
Aiming: Sandblast (safe; 1% risk of failure)
Press: ? - help, Shift-Dir - straight line, f - ogre
Aim: an ogre, wielding a +0 giant club (91% to hit)
The blast of sand misses the ogre.
The blast of sand hits spaghetti's ghost!
Spaghetti's ghost is almost destroyed.
The ogre barely misses you.
Casting: Sandblast (safe; 1% risk of failure)
Confirm with . or Enter, or press ? or * to list all spells.
Aiming: Sandblast (safe; 1% risk of failure)
Press: ? - help, Shift-Dir - straight line, f/p - ogre
Aim: an ogre, wielding a +0 giant club (91% to hit)
The blast of sand hits the ogre!
The ogre is moderately wounded.
The ogre hits you with a +0 giant club!
Unknown command.
Casting: Sandblast (safe; 1% risk of failure)
Confirm with . or Enter, or press ? or * to list all spells.
Aiming: Sandblast (safe; 1% risk of failure)
Press: ? - help, Shift-Dir - straight line, f/p - ogre
Aim: an ogre, wielding a +0 giant club (moderately wounded, 91% to hit)
The blast of sand hits the ogre!
The ogre is severely wounded.
The ogre hits you with a +0 giant club!!
Ouch! That really hurt!
You die...

..#,,.....#..##...#.#
..#..z#...#..##...#.#
..#z.#.#..'..##...#.#
..#.[.....'.Z##..##.#
..#.(#.#..'.lW..Z...#
..#...#...#...##l####
..#.......#..###W#
..#########..# #O#
...,....,....# #@#
.............#*#.#*
**,*#*,#.#....,...*
,,,* *,#...#####..#
**,***,***,* #..#
,,,,,,,* *,****#..#
,*,***** *,**,,...#
,,,* *,**,*#..# ,***
*<**,**,,*


You could see an ogre, an iguana, spaghetti's ghost and an adder skeleton.

Vanquished Creatures
  A black bear (D:4)
  2 ogres (D:4)
  A wight (D:4)
  A centaur skeleton (D:3)
  Ijyb (D:3)
  Terence (D:2)
  2 iguanas (D:4)
  2 adders
  An adder skeleton (D:4)
  A worm (D:2)
  2 dart slugs
  14 endoplasms
  A giant cockroach (D:3)
  6 goblins
  5 hobgoblins
  2 jackals (D:4)
  8 kobolds
  3 quokkas
  7 ball pythons
  5 bats
  2 frilled lizards
  21 rats
89 creatures vanquished.

Vanquished Creatures (others)
  A plant (D:1)
1 creature vanquished.

Grand Total: 90 creatures vanquished

Notes
Turn   | Place    | Note
-------+----------+-------------------------------------------
     0 | D:1      | hikkokomori the Gargoyle Earth Elementalist began the quest
                  | for the Orb.
     0 | D:1      | Reached XP level 1. HP: 10/10 MP: 3/3
   347 | D:1      | Found a faded altar of an unknown god.
   397 | D:1      | Got Plato's Volume of Moulding
   517 | D:1      | Reached skill level 4 in Earth Magic
   517 | D:1      | Reached XP level 2. HP: 6/15 MP: 1/5
   880 | D:1      | Learned a level 2 spell: Passwall
  1588 | D:2      | Reached XP level 3. HP: 19/19 MP: 6/6
  2526 | D:2      | Reached XP level 4. HP: 14/24 MP: 8/8
  2817 | D:3      | Noticed Terence
  2834 | D:2      | Killed Terence
  2835 | D:2      | Reached skill level 5 in Earth Magic
  3031 | D:3      | Noticed Ijyb
  3039 | D:3      | Killed Ijyb
  3040 | D:3      | Reached XP level 5. HP: 27/28 MP: 1/10
  3061 | D:3      | Learned a level 4 spell: Olgreb's Toxic Radiance
  3065 | D:3      | Learned a level 3 spell: Stone Arrow
  3481 | D:4      | Noticed spaghetti's ghost (weakling DsDe)
  3532 | D:4      | Noticed an ogre
  3546 | D:4      | Killed an ogre
  3547 | D:4      | Reached skill level 1 in Poison Magic
  3547 | D:4      | Reached XP level 6. HP: 32/32 MP: 5/12
  3584 | D:4      | Reached skill level 6 in Earth Magic
  3627 | D:4      | Noticed a black bear
  3635 | D:4      | Killed a black bear
  4250 | D:4      | Found a runed translucent gate.
  4257 | D:4      | Reached XP level 7. HP: 18/36 MP: 10/13
  4406 | D:4      | Found a runed translucent gate.
  4407 | D:4      | Found a runed translucent gate.
  4429 | D:4      | Slain by an ogre

Illustrated notes

Levels and vault maps discovered:
D:1:      ncdulo_smallfort, layout_rooms, shapermc_ecumenical_altar_rom_forum
D:2:      layout_loops_ring, minmay_rat_hole
D:3:      layout_rooms, lemuel_flame_loot_1, uniq_terence, uniq_ijyb
D:4:      layout_loops_ring, gammafunk_ghost_split

Skill      XL: |  1  2  3  4  5  6  7 |
---------------+----------------------+-----
Earth Magic    | 4 5 6 |  6.8
Spellcasting   | 3 4 |  4.7
Poison Magic   | 1 2 3 |  3.0
Dodging        | |  1.5
Stealth        | |  2.1
Transmutations | |  0.7

Action                   |  1- 3 |  4- 6 |  7- 9 || total
-------------------------+-------+-------+-------++-------
Melee: Whip              |    27 |       |       ||    27
       Club              |     7 |       |       ||     7
       Mace              |   101 |    86 |       ||   187
       Punch             |     1 |     1 |       ||     2
 Cast: Sandblast         |    18 |    42 |     5 ||    65
Evoke: Wand              |       |     6 |       ||     6
  Use: Scroll            |       |     1 |       ||     1
 Stab: Sleeping          |     8 |       |       ||     8
Armor: Robe              |    71 |    60 |       ||   131
Dodge: Dodged            |   109 |    90 |     3 ||   202
